 Dungeon Crawl Stone Soup version 0.29.1-13-g9f3cf754e1 (webtiles) character file.

Game seed: 8504818794412937956

20 protoss039 the Digger (level 2, 0/21 HPs)
             Began as a Demonspawn Earth Elementalist on Feb 9, 2023.
             Slain by a hobgoblin (2 damage)
             ... on level 1 of the Dungeon.
             The game lasted 00:00:59 (961 turns).

protoss039 the Digger (DsEE)                         Turns: 961, Time: 00:00:59

Health: 0/21       AC:  2    Str:  8    XL:     2   Next: 58%
Magic:  0/5        EV: 12    Int: 16    God:
Gold:   53         SH:  0    Dex: 13    Spells: 4/5 levels left

rFire   . . .      SeeInvis .   (no weapon)
rCold   . . .      Faith    .   (no shield)
rNeg    . . .      Spirit   .   a - +0 robe
rPois   .          Reflect  .   (no helmet)
rElec   .          Harm     .   (no cloak)
rCorr   .          Rampage  .   (no gloves)
Will    .....                   (no boots)
Stlth   ++........              (no amulet)
HPRegen 0.07/turn               (no ring)
MPRegen 0.09/turn               (no ring)

@: very slightly contaminated
A: hooves 1
a: no special abilities


You were on level 1 of the Dungeon.
You visited 1 branch of the dungeon, and saw 1 of its levels.

You collected 53 gold pieces.

Inventory:

Hand Weapons
 d - a +0 dagger
Missiles
 c - 5 silver javelins
Armour
 a - a +0 robe (worn)
Scrolls
 e - a scroll of silence {unknown}
 f - a scroll of noise {unknown}
 g - a scroll of identify {unknown}
Potions
 b - a potion of magic


   Skills:
 + Level 1.0 Fighting
 - Level 2.0 Dodging
 - Level 2.0 Stealth
 + Level 2.2 Spellcasting
 - Level 1.0 Transmutations
 + Level 2.9 Earth Magic


You had 4 spell levels left.
You knew the following spells:

 Your Spells              Type           Power      Damage    Failure   Level
a - Sandblast             Erth           22%        2d7       6%          1

Your spell library contained the following spells:

 Spells                   Type           Power      Damage    Failure   Level
 Passwall                 Tmut/Erth      6%         N/A       14%         2
 Stone Arrow              Conj/Erth      12%        3d7       32%         3
 Petrify                  Tmut/Erth      8%         N/A       65%         4


Dungeon Overview and Level Annotations

Branches:
Dungeon (1/15) Zot: 5026

Altars:

Shops:
D:1 *


Innate Abilities, Weirdness & Mutations

You have large cloven feet.


Message History

The blast of sand hits the hobgoblin.
The hobgoblin is lightly wounded.
The hobgoblin hits you. x2
Unknown command.
Casting: Sandblast (safe; 6% risk of failure)
Confirm with . or Enter, or press ? or * to list all spells.
Aiming: Sandblast (safe; 6% risk of failure)
Press: ? - help, Shift-Dir - straight line, f/p - hobgoblin
Aim: a hobgoblin (lightly wounded, 82% to hit)
The blast of sand hits the hobgoblin.
The hobgoblin is heavily wounded.
The hobgoblin hits you. The dart slug launches a dart at you.
The slug dart hits you.
Casting: Sandblast (safe; 6% risk of failure)
Confirm with . or Enter, or press ? or * to list all spells.
You don't have enough magic to cast this spell.
Unknown command.
Unknown command.
The hobgoblin attacks as you move away! The hobgoblin closely misses you.
Things that are here:
6 stones; a book of Displacement The hobgoblin attacks as you move away!
The hobgoblin hits you.
Casting: Sandblast (safe; 6% risk of failure)
Confirm with . or Enter, or press ? or * to list all spells.
Aiming: Sandblast (safe; 6% risk of failure)
Press: ? - help, Shift-Dir - straight line, f - dart slug, p - hobgoblin
Aim: a dart slug (100% to hit)
You miscast Sandblast.
You are very lightly contaminated with residual magic.
Nothing appears to happen.
The hobgoblin closely misses you.
Unknown command.
Unknown command.
The hobgoblin attacks as you move away! The hobgoblin hits you.
* * * LOW HITPOINT WARNING * * *
There is a stone staircase leading down here.
Unknown command.
Unknown command.
The hobgoblin hits you.
You die...

##### ## #...#
######## ##. #.#.#
#....... #..##.w.#
#......∩
#.g##.####.......
#@.##w........$..
#..##w††.....## ##.
#.#......#######
..........>........
..!............####.
#.......#####......##
#.......# #........
#....... #......##
...... #......##


You could see 2 dart slugs and a hobgoblin.

Vanquished Creatures
  2 dart slugs (D:1)
  2 bats (D:1)
  2 endoplasms (D:1)
  A giant cockroach (D:1)
  A goblin (D:1)
  4 hobgoblins (D:1)
  A ball python (D:1)
  A rat (D:1)
14 creatures vanquished.

Notes
Turn   | Place    | Note
-------+----------+-------------------------------------------
     0 | D:1      | protoss039 the Demonspawn Earth Elementalist began the
                  | quest for the Orb.
     0 | D:1      | Reached XP level 1. HP: 13/13 MP: 3/3
    85 | D:1      | Reached skill level 1 in Transmutations
   547 | D:1      | Found a faded altar of an unknown god.
   549 | D:1      | Gained mutation: You have large cloven feet. [demonic
                  | ancestry]
   549 | D:1      | Reached XP level 2. HP: 20/20 MP: 3/5
   945 | D:1      | Found Paviklus's General Store.
   952 | D:1      | Reached skill level 1 in Fighting
   961 | D:1      | Slain by a hobgoblin

Illustrated notes

Levels and vault maps discovered:
D:1:      sevenhm_arrival_forest_fort_large_3, layout_basic, serial_shops, shop,
          shapermc_ecumenical_altar_acropolis, minmay_liquid_box, st_stairs_7

Skill      XL: |  1  2 |
---------------+-------+-----
Transmutations | 1 |  1.0
Dodging        | 2 |  2.0
Stealth        | 2 |  2.0
Fighting       | 1 |  1.0
Spellcasting   | |  2.2
Earth Magic    | |  2.9

Action                   || total
-------------------------++-------
Melee: Unarmed           ||     2
 Cast: Sandblast         ||    22
Dodge: Dodged            ||     6
